 Dungeon Crawl Stone Soup version 0.22-a0-407-gb098539 (webtiles) character file.

12941 mortelune the Thaumaturge (level 11, -3/64 HPs)
             Began as a Deep Elf Fire Elementalist on May 6, 2018.
             Was a Priest of Vehumet.
             Hit by a large rock thrown by a cyclops (34 damage)
             ... on level 11 of the Dungeon on May 9, 2018.
             The game lasted 00:34:59 (13492 turns).

mortelune the Thaumaturge (DEFE)                   Turns: 13492, Time: 00:35:00

Health: -3/64      AC:  7    Str:  5    XL:     11   Next: 69%
Magic:  1/28       EV: 16    Int: 30    God:    Vehumet [***...]
Gold:   497        SH:  0    Dex: 15    Spells: 11/32 levels left

rFire    . . .     SeeInvis .   n - +3 short sword (distort)
rCold    + . .     Gourm    .   (no shield)
rNeg     . . .     Faith    .   y - +1 robe {MR+}
rPois    .         Spirit   .   E - +2 helmet
rElec    .         Reflect  .   (no cloak)
rCorr    .         Harm     .   L - +0 pair of gloves
MR       ++...                  (no boots)
Stlth    ++........             (no amulet)
HPRegen  0.20/turn              g - +6 ring of intelligence
MPRegen  0.21/turn              H - ring of protection from cold

@: very slightly contaminated
A: no striking features
a: Renounce Religion


You were on level 11 of the Dungeon.
You worshipped Vehumet.
Vehumet was most pleased with you.
You were near starving.

You visited 1 branch of the dungeon, and saw 11 of its levels.

You collected 665 gold pieces.
You spent 168 gold pieces at shops.

Inventory:

Hand Weapons
 n - a +3 short sword of distortion (weapon)
 C - the +2 hand axe of Integrity {speed, rF+ Int+4}
   (You found it on level 4 of the Dungeon)

   Attacks with this weapon are significantly faster.
   It affects your intelligence (+4).
   It protects you from fire.
Armour
 a - a +0 robe
 y - a +1 robe of magic resistance (worn)
 E - a +2 helmet (worn)
 L - a +0 pair of gloves (worn)
 R - a +2 robe of cold resistance
Jewellery
 g - a +6 ring of intelligence (left hand)
 w - an uncursed ring of stealth
 B - an uncursed ring of protection from magic
 H - a ring of protection from cold (right hand)
Wands
 e - a wand of flame (33)
 G - a wand of paralysis (15)
 N - a wand of random effects (23)
 P - a wand of digging (8)
 S - a wand of polymorph (16)
Scrolls
 h - 2 scrolls of fear
 m - a scroll of teleportation
 o - 7 scrolls of remove curse
 q - a scroll of enchant weapon {unknown}
 t - 4 scrolls of blinking
 u - a scroll of immolation {unknown}
 v - 4 scrolls of amnesia
 A - a scroll of enchant armour {unknown}
 I - a scroll of brand weapon {unknown}
 J - 7 scrolls of identify
 K - a scroll of magic mapping {unknown}
 M - a scroll of holy word {unknown}
Potions
 b - 5 potions of haste
 d - 4 potions of curing
 f - a potion of magic {unknown}
 i - 2 potions of flight {unknown}
 j - 2 potions of lignification {unknown}
 k - 3 potions of ambrosia {unknown}
 p - 3 potions of degeneration
 r - a potion of might
 s - 2 potions of resistance {unknown}
 x - 2 potions of agility
 z - a potion of brilliance {unknown}
 D - 2 potions of mutation {unknown}
 F - a potion of invisibility {unknown}
Miscellaneous
 O - a fan of gales
Comestibles
 c - 11 rations


   Skills:
 + Level 6.1 Fighting
 - Level 6.0 Dodging
 - Level 2.4 Stealth
 + Level 11.0 Spellcasting
 * Level 10.3 Conjurations
 - Level 7.3 Necromancy
 * Level 10.8 Fire Magic


You had 11 spell levels left.
You knew the following spells:

 Your Spells              Type           Power        Failure   Level  Hunger
a - Flame Tongue          Conj/Fire      #####        1%          1    None
b - Throw Flame           Conj/Fire      ######       1%          2    None
c - Conjure Flame         Conj/Fire      ######..     1%          3    None
d - Sticky Flame          Conj/Fire      ######..     1%          4    None
e - Fireball              Conj/Fire      ######....   1%          5    ###....
f - Animate Dead          Necr           N/A          1%          4    None
g - Throw Frost           Conj/Ice       #####.       1%          2    None


Dungeon Overview and Level Annotations

Branches:
Dungeon (11/15)            Temple (0/1) D:5            Lair (0/6) D:8
    Orc (0/2) D:10

Altars:
Cheibriados
Fedhas
Gozag
Hepliaklqana
Okawaru
Qazlal
Ru
Trog
Vehumet
Wu Jian

Shops:
D:4 ?


Message History

Confirm with . or Enter, or press ? or * to list all spells.
Aiming: Fireball (safe; 1% risk of failure)
Press: ? - help, Shift-Dir - straight line, f/p - troll
Aim: a troll (almost dead)
The fireball explodes!
The fireball engulfs the troll.
You kill the troll!
Vehumet accepts your kill.
Your Spellcasting skill increases to level 11!
The fireball engulfs the cyclops.
The cyclops is almost dead.
You feel better.
The cyclops throws a large rock.
The large rock barely misses you.
The cyclops throws a large rock.
The large rock hits you!
* * * LOW HITPOINT WARNING * * *
You see here a large rock.
You see here a leather armour.
You feel much better.
The cyclops throws a large rock.
The large rock hits you!!
Ouch! That really hurt!
You die...

#...# ###...#
#.....# #.....#
##.....# +...
#<.....# #...
##.....## #...
#......# #...
#..@...### '...
#...(....########...
#...................
#...(((.).C.........
#................###
#................#
#................#
#######..........#
#...########


You could see a cyclops.

Vanquished Creatures
  Fannar (D:10)
  3 two-headed ogres
  The ghost of Gorglomux the Chopper, a journeyman DEGl of Okawaru (D:10)
  The ghost of galech the Fighter, a novice GnWn of Okawaru (D:6)
  Pikel (D:8)
  A manticore (D:10)
  3 trolls
  A hornet (D:9)
  2 hippogriffs
  A wraith (D:9)
  10 yaks
  3 wyverns (D:8)
  A hungry ghost (D:10)
  Edmund (D:4)
  Duvessa (D:5)
  4 orc warriors
  4 phantoms
  3 ice beasts
  A swamp drake (D:8)
  4 sky beasts
  8 ogres
  A black bear (D:6)
  3 centaurs
  A crocodile (D:8)
  4 bullfrogs
  Dowan (D:5)
  2 scorpions
  3 killer bees (D:7)
  4 wights (D:7)
  5 electric eels (D:10)
  A bullfrog zombie (D:9)
  A quasit (D:7)
  2 jellies
  An orc priest (D:10)
  5 hounds
  2 centaur skeletons
  A gnoll shaman (D:5)
  11 orc wizards
  2 bullfrog skeletons
  2 iguanas
  8 worker ants
  A hound zombie (D:7)
  3 gnolls (D:5)
  7 adders
  A shadow imp (D:5)
  An ooze (D:1)
  An adder zombie (D:5)
  An adder skeleton (D:5)
  5 worms
  A dart slug (D:1)
  5 leopard geckos
  19 orcs
  A ball python (D:4)
  2 giant cockroaches
  2 goblins
  12 hobgoblins
  6 jackals
  6 quokkas
  A ball python skeleton (D:5)
  8 bats
  6 frilled lizards
  A jackal skeleton (D:4)
  4 kobolds
  A quokka zombie (D:7)
  9 rats
219 creatures vanquished.

Vanquished Creatures (collateral kills)
  A wyvern (D:8)
1 creature vanquished.

Grand Total: 220 creatures vanquished

Notes
Turn   | Place    | Note
-------+----------+-------------------------------------------
     0 | D:1      | mortelune the Deep Elf Fire Elementalist began the quest for the Orb.
     0 | D:1      | Reached XP level 1. HP: 10/10 MP: 6/6
     0 | D:1      | Upgraded the game from 0.22-a0-402-ga933591 to 0.22-a0-407-gb098539
   414 | D:1      | Reached XP level 2. HP: 15/15 MP: 6/8
   420 | D:1      | Learned a level 2 spell: Throw Flame
  1155 | D:2      | Reached XP level 3. HP: 19/19 MP: 2/9
  1160 | D:2      | Learned a level 3 spell: Conjure Flame
  1640 | D:2      | Found an iron altar of Okawaru.
  1910 | D:2      | Noticed a phantom
  2080 | D:3      | Reached XP level 4. HP: 24/24 MP: 2/11
  2364 | D:3      | Found a blossoming altar of Fedhas.
  2492 | D:3      | Found an ornate altar of the Wu Jian Council.
  3285 | D:3      | Found a hazy altar of Hepliaklqana.
  3286 | D:3      | Found a sacrificial altar of Ru.
  3289 | D:3      | Found a stormy altar of Qazlal.
  3392 | D:3      | Reached XP level 5. HP: 28/28 MP: 10/12
  3671 | D:4      | Noticed Edmund
  3688 | D:4      | Killed Edmund
  3688 | D:4      | Reached skill level 4 in Spellcasting
  3688 | D:4      | Reached skill level 5 in Fire Magic
  3814 | D:4      | Found Nishraxeq's Magic Scroll Boutique.
  3819 | D:4      | Bought a scroll of teleportation for 36 gold pieces
  3819 | D:4      | Bought a scroll of fear for 42 gold pieces
  3819 | D:4      | Bought a scroll of blinking for 90 gold pieces
  3850 | D:4      | Noticed an ogre
  3859 | D:4      | Killed an ogre
  3859 | D:4      | Reached XP level 6. HP: 32/32 MP: 4/14
  4350 | D:4      | Got a slimy hand axe
  4351 | D:4      | Identified the +2 hand axe of Integrity {speed, rF+ Int+4} (You found it on level 4 of the Dungeon)
  4398 | D:5      | Entered Level 5 of the Dungeon
  4644 | D:5      | Found a radiant altar of Vehumet.
  4653 | D:5      | Became a worshipper of Vehumet
  4827 | D:5      | Found a bloodstained altar of Trog.
  4914 | D:5      | Found a staircase to the Ecumenical Temple.
  4941 | D:5      | Reached XP level 7. HP: 36/36 MP: 6/16
  5178 | D:5      | Reached skill level 5 in Spellcasting
  5178 | D:5      | Reached skill level 5 in Conjurations
  5627 | D:5      | Noticed Dowan
  5632 | D:5      | Killed Dowan
  5673 | D:5      | Learned a level 4 spell: Sticky Flame
  5679 | D:5      | Learned a level 5 spell: Fireball
  5732 | D:5      | Noticed Duvessa
  5745 | D:5      | Killed Duvessa
  6101 | D:6      | Reached skill level 5 in Dodging
  6101 | D:6      | Reached XP level 8. HP: 41/41 MP: 6/18
  6315 | D:6      | Noticed galech's ghost (novice GnWn)
  6350 | D:6      | Killed galech's ghost
  6350 | D:6      | Reached skill level 6 in Spellcasting
  6628 | D:6      | Reached skill level 7 in Spellcasting
  6768 | D:6      | Reached XP level 9. HP: 49/49 MP: 15/21
  7507 | D:7      | Reached * piety under Vehumet
  7507 | D:7      | Offered knowledge of Sting by Vehumet.
  7638 | D:7      | Noticed a two-headed ogre
  7650 | D:7      | Reached skill level 8 in Spellcasting
  7840 | D:7      | Found an opulent altar of Gozag.
  8324 | D:7      | Killed a two-headed ogre
  8502 | D:8      | Reached skill level 9 in Spellcasting
  8509 | D:8      | Reached XP level 10. HP: 57/57 MP: 14/25
  8573 | D:8      | Learned a level 4 spell: Animate Dead
  8697 | D:8      | Found a sacrificial altar of Ru.
  8755 | D:8      | Noticed Pikel
  8759 | D:8      | Killed Pikel
  8759 | D:8      | Reached skill level 1 in Necromancy
  9629 | D:8      | Offered knowledge of Throw Frost by Vehumet.
  9788 | D:8      | Found a staircase to the Lair.
  9932 | D:9      | Learned a level 2 spell: Throw Frost
  9969 | D:9      | Noticed a two-headed ogre
  9975 | D:9      | Killed a two-headed ogre
 10110 | D:9      | Reached ** piety under Vehumet
 10125 | D:9      | Reached skill level 5 in Fighting
 10567 | D:9      | Reached skill level 5 in Necromancy
 10595 | D:9      | Found a snail-covered altar of Cheibriados.
 10684 | D:9      | Reached skill level 10 in Spellcasting
 11137 | D:9      | Reached XP level 11. HP: 64/64 MP: 5/27
 11298 | D:10     | Entered Level 10 of the Dungeon
 11537 | D:10     | Found a staircase to the Orcish Mines.
 11551 | D:10     | Offered knowledge of Stone Arrow by Vehumet.
 11552 | D:10     | Noticed Gorglomux's ghost (journeyman DEGl)
 11555 | D:10     | Noticed Fannar
 11567 | D:10     | Reached skill level 10 in Fire Magic
 11840 | D:10     | Reached *** piety under Vehumet
 11847 | D:10     | Killed Gorglomux's ghost
 12932 | D:10     | Killed Fannar
 12932 | D:10     | Reached skill level 10 in Conjurations
 13470 | D:11     | Noticed a two-headed ogre
 13483 | D:11     | Killed a two-headed ogre
 13487 | D:11     | Reached skill level 11 in Spellcasting
 13492 | D:11     | Hit by a large rock thrown by a cyclops

Vault maps used:
D:1:      dpeg_arrival_chambers_temple_mockup, minmay_pentomino_r2
D:2:      marbit_many_paths, okawaru_trees_2
D:3:      lemuel_doored_altar, grunt_temple_overflow_open,
          overflow_temple_1_default
D:4:      serial_shops, shop_fountains, first_ration, uniq_edmund
D:5:      lemuel_crystal_altar, minmay_temple_entry_enclosed_plants,
          vehumet_altar_wand_db, uniq_duvessa
D:7:      nicolae_gozag_cash_rules_everything_around_me
D:8:      erik_lair_dragon, nicolae_ru_great_annihilating_truth, uniq_pikel
D:9:      slow_altar_2
D:10:     david_orc_3, uniq_fannar
D:11:     serial_shops, nicolae_shop_crystal, kennysheep_little_box

Skill      XL: |  1  2  3  4  5  6  7  8  9 10 11 |
---------------+----------------------------------+-----
Conjurations   | 2 3 4 5 6 8 9 10 | 10.3
Dodging        | 3 4 5 6 |  6.0
Fire Magic     | 4 5 6 7 9 10 | 10.8
Spellcasting   | 4 5 7 9 10 11 | 11.0
Fighting       | 2 4 5 6 |  6.1
Necromancy     | 6 7 |  7.3
Stealth        | |  2.4

Action                   |  1- 3 |  4- 6 |  7- 9 | 10-12 || total
-------------------------+-------+-------+-------+-------++-------
Melee: Short sword       |     4 |       |     3 |     1 ||     8
 Cast: Flame Tongue      |    52 |    45 |   128 |   125 ||   350
       Throw Flame       |    18 |    47 |    55 |    83 ||   203
       Conjure Flame     |     1 |     2 |     7 |     4 ||    14
       Sticky Flame      |       |       |     7 |    14 ||    21
       Fireball          |       |       |     8 |    36 ||    44
       Animate Dead      |       |       |       |     9 ||     9
       Throw Frost       |       |       |       |     1 ||     1
  Use: Potion            |     2 |       |     1 |     2 ||     5
       Scroll            |       |     6 |     2 |     2 ||    10
  Eat: Chunk             |     4 |     9 |    13 |    10 ||    36
       Ration            |       |       |       |     2 ||     2
Armor: Robe              |     4 |       |     7 |    10 ||    21
Dodge: Dodged            |     8 |     4 |    32 |    26 ||    70

Table legend:
 A = Spawn XP
 B = Non-spawn XP
 C = Spawn XP percentage of total XP
 D = Spawn monster count
 E = Non-spawn monster count
 F = Spawn count percentage of total count
 G = Total turns spent on level
                    A         B        C        D         E        F      G
               +---------+---------+-------+---------+---------+-------+---------
         Total |       0 |   18488 |   0.0 |       0 |     220 |   0.0 | 13492
               +---------+---------+-------+---------+---------+-------+---------
           D:1 |       0 |      36 |   0.0 |       0 |      18 |   0.0 |  1128
           D:2 |       0 |      58 |   0.0 |       0 |      19 |   0.0 |   805
           D:3 |       0 |     102 |   0.0 |       0 |      23 |   0.0 |  1570
           D:4 |       0 |     357 |   0.0 |       0 |       7 |   0.0 |   895
           D:5 |       0 |     812 |   0.0 |       0 |      19 |   0.0 |  1849
           D:6 |       0 |    1838 |   0.0 |       0 |      23 |   0.0 |   983
           D:7 |       0 |    2050 |   0.0 |       0 |      25 |   0.0 |  1268
           D:8 |       0 |    2243 |   0.0 |       0 |      22 |   0.0 |  1734
           D:9 |       0 |    3784 |   0.0 |       0 |      21 |   0.0 |  1066
          D:10 |       0 |    5785 |   0.0 |       0 |      40 |   0.0 |  2134
          D:11 |       0 |    1423 |   0.0 |       0 |       3 |   0.0 |    60
               +---------+---------+-------+---------+---------+-------+---------
